 Dungeon Crawl Stone Soup version 0.29-a0-994-gc5c9f59d18 (webtiles) character file.

Game seed: 9995641984947000715

233423 Sobieck the Warrior (level 18, -1/175 HPs)
             Began as a Palentonga Abyssal Knight on Aug 3, 2022.
             Was the Champion of Lugonu.
             Killed from afar by a steam dragon (9 damage)
             ... with a ball of steam
             ... on level 4 of the Swamp.
             The game lasted 01:37:02 (39519 turns).

Sobieck the Warrior (Palentonga Abyssal Knight)    Turns: 39519, Time: 01:37:03

Health: -1/175     AC: 31    Str: 25    XL:     18   Next: 85%
Magic:  19/27      EV:  9    Int: 12    God:    Lugonu [******]
Gold:   2209       SH:  5    Dex: 14    Spells: 12/17 levels left

rFire   + . .      SeeInvis +   a - +9 battleaxe (distort) {axe}
rCold   . . .      Faith    .   (shield currently unavailable)
rNeg    + . .      Spirit   .   x - +1 chain mail of Peek-a-Boo {rElec rF+ rN+ Dex+2}
rPois   .          Reflect  +   L - +0 helmet "Becelam" {Will+ Regen+}
rElec   +          Harm     .   M - scarf {repulsion}
rCorr   .          Rampage  .   J - +2 pair of gloves {Dex+3}
Will    +++..                   P - +2 barding
Stlth   ..........              C - amulet of reflection
HPRegen 1.19/turn               g - ring of Falad {Fly rElec Will+ EV+4}
MPRegen 0.20/turn               Y - ring of wizardry

@: lethally poisoned (-1 -> -20), flying, studying Ice Magic, repel missiles,
curled up
A: large, rugged brown scales 3, see invisible, deformed body, roll 2, armoured
tail, reflexive curl, hooves 1, clumsy 1
}: 1/15 runes: serpentine
a: Rolling Charge, Renounce Religion, Depart the Abyss, Bend Space, Banish,
Corrupt, Enter the Abyss


You were on level 4 of the Swamp.
You worshipped Lugonu.
Lugonu was exalted by your worship.
You visited 5 branches of the dungeon, and saw 30 of its levels.
You visited the Abyss 2 times.
You also visited: Sewer, Gauntlet, Ice Cave and Volcano.

You collected 3683 gold pieces.
You spent 1474 gold pieces at shops.


Innate Abilities, Weirdness & Mutations

You are completely covered in rugged brown scales. (AC +3, +7% HP)
You have supernaturally acute eyesight. (SInv)
Armour fits poorly on your strangely shaped body.
You can roll at foes to attack.
You have a long armoured tail.
You curl defensively after being hit. (AC +7*)
You have large cloven feet.
You are clumsy. (Dex -2)


   Skills:
 + Level 20.6 Fighting
 - Level 20.0 Axes
 - Level 10.0 Armour
 - Level 0.7 Dodging
 * Level 13.8 Translocations
 - Level 13.0 Invocations
 - Level 6.0 Evocations


You had 12 spell levels left.
You knew the following spells:

 Your Spells              Type           Power      Damage    Failure   Level
a - Manifold Assault      Tloc           33%        N/A       6%          5

Your spell library contained the following spells:

 Spells                   Type           Power      Damage    Failure   Level
 Blink                    Tloc           66%        N/A       1%          2
 Lesser Beckoning         Tloc           33%        N/A       1%          3
 Passage of Golubria      Tloc           33%        N/A       2%          4
 Portal Projectile        Hex/Tloc       32%        N/A       12%         3
 Necrotise                Necr           0%         1d4       52%         1
 Sandblast                Erth           0%         2d4       52%         1
 Summon Small Mammal      Summ           0%         N/A       52%         1
 Passwall                 Tmut/Erth      0%         N/A       65%         2
 Sublimation of Blood     Necr           0%         N/A       65%         2
 Call Canine Familiar     Summ           0%         N/A       86%         3
 Stone Arrow              Conj/Erth      0%         3d7       86%         3
 Summon Guardian Golem    Hex/Summ       0%         N/A       86%         3
 Vampiric Draining        Necr           0%         2d6       86%         3
 Leda's Liquefaction      Hex/Erth       0%         N/A       99%         4
 Petrify                  Tmut/Erth      0%         N/A       99%         4
 Summon Lightning Spire   Summ/Air       0%         N/A       99%         4
 Agony                    Necr           0%         N/A       100%        5
 Blade Hands              Tmut           0%         N/A       100%        5
 Irradiate                Conj/Tmut      0%         3d11      100%        5
 Silence                  Hex/Air        0%         N/A       100%        5
 Dragon Form              Tmut           0%         N/A       100%        7
 Orb of Destruction       Conj           0%         9d5       100%        7
 Spellforged Servitor     Conj/Summ      0%         N/A       100%        7
 Storm Form               Tmut/Air       0%         N/A       100%        7
 Lehudib's Crystal Spear  Conj/Erth      0%         10d2      100%        8
 Maxwell's Capacitive Co  Air            0%         ∞         100%        8

Inventory:

Hand Weapons
 a - a +9 battleaxe of distortion (weapon) {axe}
   (You took it off a wight on level 9 of the Dungeon)
Missiles
 h - 10 boomerangs {throwing}
 v - 5 throwing nets {=f!fthrowing}
 F - 4 silver javelins {throwing}
 Q - 9 javelins {throwing}
 X - 3 silver boomerangs {throwing}
Armour
 x - the +1 chain mail of Peek-a-Boo (worn) {rElec rF+ rN+ Dex+2}
   (You took it off a minotaur in a Gauntlet)

   Dex:       It affects your dexterity (+2).
   rF:        It protects you from fire.
   rElec:     It insulates you from electricity.
   rN:        It protects you from negative energy.
 J - a +2 pair of gloves of dexterity (worn)
   (You found it in a Gauntlet)
 L - the +0 helmet "Becelam" (worn) {Will+ Regen+}
   (You found it in a Gauntlet)

   Regen:     It increases your rate of health regeneration.
   Will:      It increases your willpower.
 M - a scarf of repulsion (worn)
   (You found it on level 4 of the Dungeon)
 P - a +2 barding (worn)
   (You found it on level 11 of the Dungeon)
Jewellery
 g - the ring of Falad (left hand) {Fly rElec Will+ EV+4}
   (You took it off a minotaur in a Gauntlet)

   [ring of evasion]

   EV:        It affects your evasion (+4).
   rElec:     It insulates you from electricity.
   Fly:       It grants you flight.
   Will:      It increases your willpower.
 A - a ring of resist corrosion
   (You found it on level 2 of the Dungeon)
 C - an amulet of reflection (around neck)
   (You found it in an ice cave)
 N - a ring of ice
   (You took it off a naga on level 4 of the Snake Pit)
 O - a ring of protection from cold
   (You found it in an ice cave)
 T - the ring "Cix Utz" {rPois rC+ Int+2 Slay+3}
   (You bought it in a shop on level 6 of the Dungeon)

   [ring of protection from cold]

   Int:       It affects your intelligence (+2).
   Slay:      It affects your accuracy & damage with ranged weapons and melee
   (+3).
   rC:        It protects you from cold.
   rPois:     It protects you from poison.
 V - a ring of protection from fire
   (You found it on level 2 of the Snake Pit)
 Y - a ring of wizardry (right hand)
   (You found it on level 2 of the Lair of Beasts)
Wands
 c - a wand of mindburst (12)
   (You found it on level 11 of the Dungeon)
 e - a wand of roots (16)
   (You found it on level 5 of the Lair of Beasts)
 o - a wand of flame (68)
   (You found it on level 2 of the Lair of Beasts)
 t - a wand of paralysis (22)
   (You found it on level 3 of the Lair of Beasts)
 G - a wand of digging (9)
   (You found it on level 5 of the Dungeon)
 R - a wand of light (15)
   (You found it on level 12 of the Dungeon)
Scrolls
 f - 9 scrolls of teleportation {@r4}
 i - 4 scrolls of butterflies
 k - a scroll of torment {!r}
 q - 8 scrolls of fear
 s - 2 scrolls of enchant armour
 y - 8 scrolls of poison {!r}
 z - 4 scrolls of vulnerability {!r!r}
 D - a scroll of immolation {!r!r}
 H - 5 scrolls of silence {!r}
 S - 5 scrolls of magic mapping {!r}
 Z - 2 scrolls of summoning
Potions
 b - 2 potions of haste {@q3}
 d - 6 potions of brilliance
 l - 3 potions of ambrosia
 n - 7 potions of heal wounds {@q2}
 p - 2 potions of magic
 r - 2 potions of resistance
 u - 6 potions of attraction {!q}
 w - 11 potions of might
 B - a potion of invisibility
 E - 5 potions of berserk rage {!q}
 I - 10 potions of curing {@q1}
 K - 4 potions of lignification {!q}
 U - 5 potions of mutation {!q}
 W - 3 potions of cancellation
Miscellaneous
 j - a tin of tremorstones (2/2) {throwing}
   (You found it on level 5 of the Lair of Beasts)
 m - a box of beasts
   (You found it in a Gauntlet)

Dungeon Overview and Level Annotations

Branches:
Dungeon (15/15) Zot: 26104  Temple (0/1) D:4            Lair (5/5) D:9 Zot: 21933
  Swamp (4/4) Lair:3 Zot: 19961   Snake (4/4) Lair:3 Zot: 19775   Slime (0/5) Lair:4
    Orc (2/2) D:11 Zot: 10270     Elf (0/3) Orc:2        Vaults (0/5) D:14
 Depths (0/4) D:15          Sewer (visited)           IceCv (visited)
Volcano (visited)         Gauntlet (visited)

Altars:
Ashenzari
Gozag
Okawaru
Sif Muna
Trog
Yredelemnul
The Shining One
Jiyva

Shops:
D:6 =   D:9 [?   D:10 (   Orc:2 [*[[   Snake:2 :

Annotations:
D:9 1 runed translucent door
Lair:5 3 runed translucent doors, freelancePsychic's ghost, journeyman DgFE
Swamp:1 2 transporters, jfcaron's ghost, adept GnCK
Abyss:1 Azrael; Josephine; Vashnia

♣~.~~~~~..~....♣♣...~.♣#
~~~.~~~~..~~...♣♣♣.~~.~♣
♣♣♣.~~.♣♣.)~~..♣ ♣...~♣#
~.~~~~ ♣♣.~~§.♣♣♣~~.~~♣
~~~~~§~ ♣♣)~~~~♣♣☼.D~♣#
~)§~~§♣ ♣.~~§~♣☼☼§○~§♣#
~.~~~. ♣..~§~☼§☼☼☼☼.~♣
♣..~.~~☼°○○D~.♣#
♣♣♣♣~~♣~@§~§☼~~~~♣#
♣..~♣.[<..~~§~~~~§♣♣#
♣~♣.~~~♣~~~~~~~~~~~~.~♣
♣..~~~~♣~.§~~~~~~~.~~.
~..~.~~.♣§...§.~~~..♣.~.
~~~~♣.~~.♣♣[.~♣♣.÷..♣~.~♣
...♣♣♣~~~.~...♣♣~♣.♣.~~.♣
♣~♣ ♣♣♣♣♣~..~~~.~♣~....~
§~ ♣..~.~~.~♣♣♣♣♣♣


You could see a swamp dragon and a steam dragon (catching breath).


Message History

Space warps horribly around the fire dragon!!
The fire dragon breathes flames at you. The blast of flame hits you!
You resist.
You slice the fire dragon!!
You kill the fire dragon!
Lugonu accepts your kill.
You are too injured to fight recklessly!
Unknown command.
Casting: Manifold Assault (mildly dangerous; 6% risk of failure)
Confirm with . or Enter, or press ? or * to list all spells.
Okay, then.
Roll where?
Press: ? - help, Dir - move target, f - swamp dragon
Aim: a swamp dragon You roll forward with a clatter of scales!
A salamander comes into view.
You slice the swamp dragon!! You kick the swamp dragon!
You tail-slap the swamp dragon.
The swamp dragon blinks!
The swamp dragon breathes poison at you. x2
The blast of poison engulfs you!
You are poisoned.
Roll where?
Press: ? - help, Dir - move target, f/p - swamp dragon
Aim: a swamp dragon (heavily wounded, catching its breath)
You roll forward with a clatter of scales!
You barely miss the swamp dragon. You kick the swamp dragon.
You are engulfed in poison gas.
You are more poisoned.
You feel very sick.
The salamander wields a +0 shortbow of flaming.
It bursts into flame!
The salamander shoots an arrow.
The arrow hits you but does no damage.
The swamp dragon bites you but does no damage.
The swamp dragon misses you. You block the swamp dragon's attack.
You hit the swamp dragon but do no damage.
Space warps around the swamp dragon.
You tail-slap the swamp dragon.
You are engulfed in poison gas.
You are more poisoned.
You feel very sick.
The swamp dragon bites you but does no damage.
The swamp dragon closely misses you.
The swamp dragon tramples you but does no damage.
The salamander shoots an arrow.
The arrow hits you but does no damage.
You completely miss the swamp dragon.
You kick the swamp dragon, but do no damage.
You tail-slap the swamp dragon, but do no damage.
You are engulfed in poison gas.
You are more poisoned.
You feel extremely sick.
You block the swamp dragon's attack. x2; The swamp dragon tramples you.
* * * LOW HITPOINT WARNING * * *
You hold your ground!
You slash the swamp dragon!
You are engulfed in poison gas.
You are more poisoned.
* * * LOW HITPOINT WARNING * * *
You feel extremely sick.
The swamp dragon attacks as you move away!
The swamp dragon completely misses you.
The swamp dragon claws you but does no damage.
The swamp dragon barely misses you.
You feel extremely sick.
The swamp dragon breathes poison at you.
The blast of poison engulfs you but does no damage.
You are more poisoned.
Unknown command.
As you read the scroll of fear, it crumbles to dust.
You assume a fearsome visage.
The swamp dragon looks frightened! x2
The salamander looks frightened!
You are engulfed in poison gas.
You are more poisoned.
* * * LOW HITPOINT WARNING * * *
x2 You feel extremely sick.
You are engulfed in poison gas.
You are lethally poisoned!
* * * LOW HITPOINT WARNING * * *
x2 You feel extremely sick.
The salamander is engulfed in poison gas.
The salamander is poisoned.
You feel better.
You are engulfed in poison gas.
You are poisoned.
* * * LOW HITPOINT WARNING * * *
You feel very sick.
Cornered, the swamp dragon turns to fight!
You feel better.
Unknown command.
The swamp dragon breathes poison at you.
The blast of poison engulfs you but does no damage.
You are poisoned.
Unknown command.
You are engulfed in poison gas.
You are more poisoned.
* * * LOW HITPOINT WARNING * * *
You feel extremely sick.
Unknown command.
You are engulfed in poison gas.
You are lethally poisoned!
* * * LOW HITPOINT WARNING * * *
x2 You feel extremely sick.
The steam dragon breathes steam at you. The ball of steam hits you! You resist.
You die...

Skill      XL: |  1  2  3  4  5  6  7  8  9 10 11 12 13 14 15 16 17 18 |
---------------+-------------------------------------------------------+-----
Axes           | 3 4 5 6 7 9 10 11 12 13 15 17 20 | 20.0
Invocations    | 4 7 9 11 12 13 | 13.0
Fighting       | 4 6 9 10 12 14 18 19 20 | 20.6
Armour         | 2 6 10 | 10.0
Evocations     | 1 6 |  6.0
Translocations | 10 13 | 13.8
Dodging        | |  0.7

Action                   |  1- 3 |  4- 6 |  7- 9 | 10-12 | 13-15 | 16-18 || total
-------------------------+-------+-------+-------+-------+-------+-------++-------
Melee: Hand axe          |   103 |     2 |       |       |       |       ||   105
       Tailslap          |     9 |    25 |    32 |    55 |    79 |   151 ||   351
       Punch             |     1 |     1 |     4 |       |       |       ||     6
       War axe           |       |   147 |   348 |    97 |       |       ||   592
       Kick              |       |       |    29 |    97 |   159 |   274 ||   559
       Battleaxe         |       |       |       |   306 |   486 |   876 ||  1668
 Cast: Manifold Assault  |       |       |       |       |       |    51 ||    51
Invok: Depart the Abyss  |     1 |       |       |       |       |     1 ||     2
       Brand Weapon With |       |       |       |     1 |       |       ||     1
       Enter the Abyss   |       |       |       |       |       |     1 ||     1
 Abil: Rolling Charge    |    17 |    25 |    42 |    84 |   159 |   282 ||   609
  Use: Potion            |       |     3 |     5 |     3 |     1 |     6 ||    18
       Scroll            |       |       |    23 |     9 |     4 |     4 ||    40
 Stab: Invisible         |       |       |       |       |       |     1 ||     1
Armor: Ring mail         |    41 |       |       |    33 |   148 |       ||   222
       Chain mail        |    24 |       |       |       |    42 |   414 ||   480
       Scale mail        |     4 |    74 |   115 |   243 |       |       ||   436
       Plate armour      |       |    38 |   173 |       |       |       ||   211
Dodge: Dodged            |    36 |    53 |   111 |   145 |    96 |   259 ||   700
       Repelled          |       |       |       |     4 |     5 |    32 ||    41
Block: Buckler           |       |       |    20 |    10 |       |       ||    30
       Other             |       |       |       |       |    20 |   134 ||   154
       Reflection        |       |       |       |       |     2 |     9 ||    11

Levels and vault maps discovered:
D:1:      dpeg_arrival_shrine, layout_basic, minmay_tripent
D:2:      layout_rooms, grunt_ministairs_10
D:3:      layout_basic, lemuel_zombie_altar_yredelemnul,
          shapermc_ecumenical_altar_mp_ritualfount, minmay_misc_feat_tower,
          chequers_serial_rivers_small_b, grunt_decor_one_mirror
D:4:      layout_loops_cross, minmay_temple_entry_fiery
D:5:      kennysheep_spiral_hall, layout_loops_cross, general_overflow_altar,
          nrook_pool_corridor, minmay_pentangle
D:6:      layout_basic, kennysheep_little_box, cheibrodos_sewer_entry_sluice,
          serial_corexii_hall, corexii_hall_statues_i,
          corexii_hall_statues_deadend, serial_shops, shop
D:7:      layout_loops_ring, hangedman_decor_riveting, uniq_prince_ribbit1
D:8:      layout_cave_pools, dk_rats_in_the_wall, uniq_psyche
D:9:      layout_basic, erik_lair_orcish_takeover, serial_shops,
          nicolae_shop_behind_doors, nicolae_shop_crystal, minivault_13
D:10:     nicolae_cairo_tiling_large_dashed, layout_grid_maze,
          nicolae_overflow_two_pavilions, serial_shops, shop, serial_glass,
          glass_columns_a, glass_columns_b, uniq_grum
D:11:     layout_stronghold, kennysheep_orc_monster_closet_entryway, serial_ice,
          serial_ice_d, serial_ice_h, serial_ice_g, serial_ice_a, serial_ice_e,
          portal_ice_cave_entry_pillars_2
D:12:     layout_gridville
D:13:     layout_basic, gauntlet_entry_generic, uniq_erolcha
D:14:     layout_layer_cave, erik_vaults_1, nicolae_ashenzari_skybound,
          uniq_lodul
D:15:     hangedman_depths_entry_civil_slaughter, layout_loops_cross,
          nicolae_twisting_strands
Lair:1:   kb_forest_paths, layout_cave_pods, nicolae_quartered_pool_impasse,
          cheibrodos_lair_lostbears
Lair:2:   layout_regular_city, beast_lair_carwin_2, uniq_nergalle
Lair:3:   layout_gridlike, minmay_swamp_entry_worms,
          minmay_snake_entry_guardpost_medium, lemuel_fruit_tree
Lair:4:   layout_cave_shapes, slime_entry_1, lemuel_fruit_fields
Lair:5:   grunt_lair_end_beastmaster, layout_loops_ring, enter_volcano_4,
          maelrawn_ghost_gauntlet_escape, serial_bayou_shore_a,
          serial_bayou_shore_b
Swamp:1:  nicolae_swamp_ascending_descending_big, layout_basic_swamp,
          gammafunk_ghost_mausoleum, hangedman_swamp_ruin_wall, swamp_pool5,
          nicolae_swamp_catching_bugs
Swamp:2:  layout_falls_marsh, nicolae_swamp_godswood, swamp_pool1
Swamp:3:  layout_basic_swamp, nicolae_swamp_little_swirl, swamp_pool3,
          st_swamp_mini
Swamp:4:  swamp_fiery, layout_basic_swamp, swamp_pool1, uniq_louise
Snake:1:  layout_rooms, uniq_aizul
Snake:2:  layout_gridlike, serial_shops, nicolae_shop_waterfront,
          grunt_megastairs_3
Snake:3:  layout_cave_town, serial_bayou, serial_bayou_pond_d,
          serial_bayou_pond_d, serial_bayou_pond_c, serial_bayou_lagoon_a,
          serial_bayou_lake_a, uniq_vashnia
Snake:4:  johnstein_snake_rune_scales, layout_onion_interference,
          serial_bayou_crossing
Orc:1:    layout_diamond_mine, basic_altar, uniq_josephine, uniq_sonja
Orc:2:    st_orc_ogre_mass, layout_caves, basic_altar, bh_open_orc_temple,
          uniq_azrael

Notes
Turn   | Place    | Note
-------+----------+-------------------------------------------
     0 | Abyss:1  | Sobieck the Palentonga Abyssal Knight began the quest for
                  | the Orb.
     0 | Abyss:1  | Reached XP level 1. HP: 19/19 MP: 2/2
    28 | Abyss:1  | Found a corrupted altar of Lugonu.
   161 | Abyss:1  | Noticed a small abomination
   175 | Abyss:1  | Noticed a quasit
   181 | D:1      | You pass through the gate.
   181 | D:1      | Escaped the Abyss
   452 | D:1      | Reached XP level 2. HP: 24/25 MP: 3/3
   519 | D:1      | Reached skill level 3 in Axes
  1100 | D:2      | Reached XP level 3. HP: 29/31 MP: 4/4
  1210 | D:2      | Reached skill level 4 in Axes
  1771 | D:3      | Reached *** piety under Lugonu
  1772 | D:3      | Reached XP level 4. HP: 34/37 MP: 5/5
  1836 | D:3      | You pick up a book of Necromancy and begin reading...
  1836 | D:3      | You add the spells Necrotise, Vampiric Draining and Agony
                  | to your library.
  1896 | D:3      | Gained mutation: You are strong-willed. (Will+) [potion of
                  | mutation]
  1896 | D:3      | Gained mutation: You are weak. (Str -2) [potion of
                  | mutation]
  1896 | D:3      | Gained mutation: You are very weak. (Str -4) [potion of
                  | mutation]
  1896 | D:3      | Gained mutation: Your spells are a little harder to cast,
                  | but a little more powerful. [potion of mutation]
  1902 | D:3      | Reached skill level 5 in Axes
  2119 | D:3      | Found a faded altar of an unknown god.
  2297 | D:3      | Reached XP level 5. HP: 38/43 MP: 6/6
  2461 | D:3      | Found a basalt altar of Yredelemnul.
  2964 | D:4      | Found a staircase to the Ecumenical Temple.
  3229 | D:4      | Reached skill level 6 in Axes
  3518 | D:4      | HP: 10/43 [gnoll/+0 club (6)]
  3525 | D:4      | HP: 9/43 [gnoll/+0 club (2)]
  3534 | D:5      | Entered Level 5 of the Dungeon
  3539 | D:5      | HP: 10/43 [acid (1)]
  3540 | D:5      | Reached **** piety under Lugonu
  3541 | D:5      | Reached XP level 6. HP: 11/50 MP: 7/7
  3798 | D:5      | Lost mutation: You are strong-willed. (Will+) [potion of
                  | mutation]
  3798 | D:5      | Lost mutation: You are very weak. (Str -4) [potion of
                  | mutation]
  3798 | D:5      | Lost mutation: Your spells are a little harder to cast, but
                  | a little more powerful. [potion of mutation]
  3798 | D:5      | Gained mutation: You can roll at foes to attack. [potion of
                  | mutation]
  3798 | D:5      | Gained mutation: Your body sometimes deteriorates upon
                  | taking damage. [potion of mutation]
  4145 | D:4      | You pick up a book of the Moon and begin reading...
  4145 | D:4      | You add the spells Passage of Golubria, Silence and
                  | Lehudib's Crystal Spear to your library.
  4201 | D:5      | Found an iron altar of Okawaru.
  4237 | D:5      | Reached skill level 7 in Axes
  4693 | D:5      | Gained mutation: You curl defensively after being hit. (AC
                  | +7*) [Palentonga growth]
  4693 | D:5      | Reached XP level 7. HP: 49/55 MP: 8/8
  4837 | D:5      | Reached skill level 8 in Axes
  5258 | D:4      | HP: 12/55 [gnoll/+0 club[a gnoll bouda] (6)]
  5603 | D:5      | HP: 12/55 [gnoll/+0 flail[a gnoll bouda] (3)]
  5607 | D:5      | HP: 3/55 [gnoll/+0 flail[a gnoll bouda] (7)]
  6040 | D:5      | Reached skill level 9 in Axes
  6345 | D:5      | Reached XP level 8. HP: 46/62 MP: 6/9
  6453 | D:5      | Reached skill level 10 in Axes
  6943 | D:6      | You pick up a book of the Hunter and begin reading...
  6943 | D:6      | You add the spells Call Canine Familiar, Portal Projectile
                  | and Leda's Liquefaction to your library.
  6985 | D:6      | Reached skill level 3 in Invocations
  7079 | D:6      | Found a glowing drain.
  7093 | Sewer    | Entered a sewer
  7237 | Sewer    | Reached ***** piety under Lugonu
  7393 | Sewer    | Reached skill level 4 in Fighting
  7703 | D:6      | Reached skill level 4 in Invocations
  7937 | D:6      | Found a bloodstained altar of Trog.
  7938 | D:6      | Lost mutation: You are weak. (Str -2) [potion of mutation]
  7938 | D:6      | Lost mutation: Your body sometimes deteriorates upon taking
                  | damage. [potion of mutation]
  7938 | D:6      | Gained mutation: You have large cloven feet. [potion of
                  | mutation]
  7938 | D:6      | Gained mutation: You are clumsy. (Dex -2) [potion of
                  | mutation]
  8004 | D:6      | Reached XP level 9. HP: 70/71 MP: 10/12
  8023 | D:6      | Found Sirraud's Jewellery Boutique.
  8658 | D:7      | Reached skill level 5 in Fighting
  8670 | D:7      | Reached skill level 5 in Invocations
  8898 | D:7      | Reached skill level 11 in Axes
  8919 | D:7      | You pick up a book of Geomancy and begin reading...
  8919 | D:7      | You add the spells Sandblast, Passwall and Stone Arrow to
                  | your library.
  9087 | D:7      | Noticed Prince Ribbit
  9093 | D:7      | Killed Prince Ribbit
  9113 | D:7      | You pick up a book of Alchemy and begin reading...
  9113 | D:7      | You add the spells Sublimation of Blood, Petrify and
                  | Irradiate to your library.
  9343 | D:7      | Reached skill level 6 in Fighting
  9343 | D:7      | Reached skill level 6 in Invocations
  9765 | D:8      | HP: 17/74 [poisoned by a killer bee]
  9770 | D:8      | HP: 11/74 [poisoned by a killer bee]
  9775 | D:8      | HP: 9/74 [poisoned by a killer bee]
 10447 | D:8      | Reached skill level 7 in Invocations
 10452 | D:8      | Noticed a gargoyle
 10666 | D:8      | Noticed Psyche
 10738 | D:8      | Killed Psyche
 10739 | D:8      | Reached XP level 10. HP: 82/82 MP: 15/15
 10840 | D:8      | Reached skill level 7 in Fighting
 11143 | D:7      | Killed a gargoyle
 11144 | D:7      | Reached skill level 12 in Axes
 11144 | D:7      | Reached skill level 8 in Invocations
 11691 | D:9      | Reached skill level 8 in Fighting
 11709 | D:9      | Found Pyir Gah's Magic Scroll Shoppe.
 11849 | D:9      | Found a staircase to the Lair.
 11849 | D:9      | Reached ****** piety under Lugonu
 12062 | D:9      | Found Ugufec's Antique Armour Emporium.
 12063 | D:9      | Reached skill level 9 in Invocations
 12103 | D:9      | HP: 21/85 [wight/+0 great sword (2)]
 12104 | D:9      | HP: 7/85 [wight/+0 great sword (12)]
 12104 | D:9      | HP: 3/82 [wight/+0 great sword (4)]
 12109 | D:8      | HP: 8/79 [killer bee (4)]
 12114 | D:8      | HP: 10/79 [poisoned by a killer bee]
 12604 | D:9      | Found a runed translucent door.
 12604 | D:9      | Noticed a deep elf pyromancer
 12607 | D:9      | Killed a deep elf pyromancer
 12608 | D:9      | Reached skill level 9 in Fighting
 12668 | D:9      | Identified a +7 battleaxe of distortion {axe} (a +5
                  | battleaxe of freezing {axe} corrupted by Lugonu)
 12668 | D:9      | Received a gift from Lugonu
 12782 | D:9      | Noticed a centaur warrior
 12808 | D:10     | Entered Level 10 of the Dungeon
 12816 | D:10     | Reached XP level 11. HP: 84/95 MP: 16/18
 12952 | D:10     | Reached skill level 10 in Invocations
 13009 | D:10     | Noticed Grum
 13018 | D:10     | Killed Grum
 13037 | D:10     | HP: 24/96 [poisoned by a killer bee]
 13091 | D:10     | HP: 24/96 [killer bee (3)]
 13096 | D:10     | HP: 19/96 [poisoned by a killer bee]
 13101 | D:10     | HP: 11/96 [poisoned by a killer bee]
 13106 | D:10     | HP: 6/96 [poisoned by a killer bee]
 13606 | D:10     | Reached skill level 10 in Fighting
 13798 | D:6      | Bought the ring "Cix Utz" {rPois rC+ Int+2 Slay+3} for 530
                  | gold pieces
 14331 | D:10     | Found Nesuz's Weapon Shoppe.
 14367 | D:10     | Found a shimmering blue altar of Sif Muna.
 14367 | D:10     | Found an opulent altar of Gozag.
 14542 | D:11     | Reached skill level 11 in Invocations
 14557 | D:11     | Found a frozen archway.
 14563 | IceCv    | Entered an ice cave
 15041 | IceCv    | You pick up a book of Dangerous Friends and begin
                  | reading...
 15041 | IceCv    | You add the spells Summon Guardian Golem, Orb of
                  | Destruction and Spellforged Servitor to your library.
 15043 | IceCv    | You pick up a book of Callings and begin reading...
 15129 | IceCv    | Noticed a white draconian
 15155 | IceCv    | Killed a white draconian
 15156 | IceCv    | Reached skill level 13 in Axes
 15730 | D:11     | Reached XP level 12. HP: 103/105 MP: 18/20
 16022 | D:11     | Found a staircase to the Orcish Mines.
 16379 | Lair:1   | Entered Level 1 of the Lair of Beasts
 16512 | Lair:1   | Identified a +1 robe of the Archmagi
 16515 | Lair:1   | Reached skill level 11 in Fighting
 16867 | Lair:1   | Reached skill level 12 in Invocations
 16870 | Lair:1   | Reached skill level 14 in Axes
 17299 | Lair:1   | Identified the +1 chain mail "Earthly Heaven" {+Blink
                  | Dex+4}
 17505 | D:9      | Bought a scroll of enchant armour for 120 gold pieces
 17505 | D:9      | Bought a scroll of enchant weapon for 120 gold pieces
 17534 | D:9      | Bought a jacinth-encrusted ring mail for 288 gold pieces
 17534 | D:9      | Identified the +1 ring mail of Fun and Games {Fly rF+
                  | Will+} (You bought it in a shop on level 9 of the Dungeon)
 18220 | Lair:1   | Reached skill level 15 in Axes
 18517 | Lair:2   | You are sucked into a shaft and drop 2 floors!
 18524 | Lair:4   | Reached skill level 12 in Fighting
 18550 | Lair:4   | Noticed an eight-headed hydra
 18556 | Lair:4   | Killed an 11-headed hydra
 18562 | Lair:4   | Found a staircase to the Slime Pits.
 18565 | Lair:4   | Found a viscous altar of Jiyva.
 18567 | Lair:4   | Reached XP level 13. HP: 56/115 MP: 13/22
 18848 | Lair:2   | Reached skill level 16 in Axes
 18852 | Lair:2   | Noticed Nergalle
 18860 | Lair:2   | Killed Nergalle
 19499 | Lair:3   | Identified a potion of experience
 19500 | Lair:3   | Reached skill level 17 in Axes
 19500 | Lair:3   | Reached XP level 14. HP: 123/123 MP: 23/23
 19650 | Lair:3   | Found a staircase to the Snake Pit.
 19882 | Lair:3   | Reached skill level 18 in Axes
 20147 | Lair:3   | Found a staircase to the Swamp.
 21543 | Lair:4   | Reached skill level 19 in Axes
 22067 | Lair:5   | Entered Level 5 of the Lair of Beasts
 22568 | Lair:5   | Reached skill level 20 in Axes
 22655 | Lair:5   | Found a dark tunnel.
 22661 | Volcano  | Entered a volcano
 22811 | Volcano  | Found a bloodstained altar of Trog.
 22818 | Volcano  | Reached skill level 2 in Armour
 22818 | Volcano  | Reached skill level 1 in Evocations
 22822 | Volcano  | Reached XP level 15. HP: 69/128 MP: 18/24
 23358 | Lair:5   | Found a runed translucent gate.
 23358 | Lair:5   | Found a runed translucent gate.
 23358 | Lair:5   | Found a runed translucent gate.
 23360 | Lair:5   | Noticed freelancePsychic's ghost (journeyman DgFE)
 23365 | Lair:5   | Reached skill level 2 in Evocations
 23662 | Lair:5   | Reached skill level 3 in Armour
 23868 | Lair:5   | Reached skill level 3 in Evocations
 25016 | D:12     | You pick up a book of the Sky and begin reading...
 25016 | D:12     | You add the spells Summon Lightning Spire, Storm Form and
                  | Maxwell's Capacitive Coupling to your library.
 25209 | D:12     | Reached skill level 4 in Armour
 25660 | D:13     | Reached skill level 4 in Evocations
 25821 | D:13     | Reached skill level 13 in Invocations
 25991 | D:13     | Found a gate leading to a gauntlet.
 25991 | D:13     | Noticed Erolcha
 25996 | D:13     | Killed Erolcha
 26002 | Gauntlet | Entered a Gauntlet
 26002 | Gauntlet | Found a transporter.
 26012 | Gauntlet | Found a transporter.
 26028 | Gauntlet | Found a transporter.
 26030 | Gauntlet | Found a large runed translucent door.
 26030 | Gauntlet | Found a large runed translucent door.
 26031 | Gauntlet | Found a large runed translucent door.
 26031 | Gauntlet | Found a large runed translucent door.
 26032 | Gauntlet | Found a large runed translucent door.
 26032 | Gauntlet | Found a large runed translucent door.
 26032 | Gauntlet | Found a runed translucent door.
 26032 | Gauntlet | Found a runed translucent door.
 26032 | Gauntlet | Found a large runed translucent door.
 26032 | Gauntlet | Found a large runed translucent door.
 26034 | Gauntlet | Found a transporter.
 26037 | Gauntlet | Found a large runed translucent door.
 26053 | Gauntlet | Found a transporter.
 26064 | Gauntlet | Found a large runed translucent door.
 26065 | Gauntlet | Found a large runed translucent door.
 26066 | Gauntlet | Found a large runed translucent door.
 26067 | Gauntlet | Found a runed translucent gate.
 26068 | Gauntlet | Found a transporter.
 26068 | Gauntlet | Found a runed translucent gate.
 26069 | Gauntlet | Found a runed translucent gate.
 26070 | Gauntlet | Found a large runed translucent door.
 26070 | Gauntlet | Found a large runed translucent door.
 26071 | Gauntlet | Found a large runed translucent door.
 26072 | Gauntlet | Found a large runed translucent door.
 26080 | Gauntlet | Found a transporter.
 26092 | Gauntlet | Found a transporter.
 26104 | Gauntlet | Found a transporter.
 26116 | Gauntlet | Found a transporter.
 26133 | Gauntlet | Found a transporter.
 26150 | Gauntlet | Found a transporter.
 26152 | Gauntlet | Found a transporter.
 26179 | Gauntlet | Found a transporter.
 26181 | Gauntlet | Found a transporter.
 26183 | Gauntlet | Found a transporter.
 26214 | Gauntlet | Found a transporter.
 26216 | Gauntlet | Found a transporter.
 26334 | Gauntlet | Identified the +0 helmet "Becelam" {Will+ Regen+}
 26380 | Gauntlet | Found the +2 Maxwell's thermic engine {flame, freeze}
 26380 | Gauntlet | Identified the +1 chain mail of Peek-a-Boo {rElec rF+ rN+
                  | Dex+2}
 26380 | Gauntlet | Identified the ring of Falad {Fly rElec Will+ EV+4}
 26382 | Gauntlet | Reached skill level 13 in Fighting
 26841 | D:14     | Found a broken altar of Ashenzari.
 27163 | D:14     | Found a gate to the Vaults.
 27164 | D:14     | Reached skill level 5 in Armour
 27167 | D:14     | Reached skill level 5 in Evocations
 27168 | D:14     | HP: 33/132 [+6 long sword (12)]
 27431 | D:14     | Noticed Lodul
 27441 | D:14     | Killed Lodul
 27842 | D:15     | Entered Level 15 of the Dungeon
 28018 | D:15     | Reached skill level 14 in Fighting
 28141 | D:15     | Reached skill level 6 in Evocations
 28146 | D:15     | Reached skill level 6 in Armour
 28276 | D:15     | Reached XP level 16. HP: 101/143 MP: 25/25
 28286 | D:15     | Found a staircase to the Depths.
 28605 | Orc:1    | Entered Level 1 of the Orcish Mines
 28621 | Orc:1    | Reached skill level 15 in Fighting
 28704 | Orc:1    | Noticed Sonja
 28705 | Orc:1    | Killed Sonja
 28935 | Orc:2    | Entered Level 2 of the Orcish Mines
 28952 | Orc:2    | Noticed Azrael
 28996 | Orc:1    | Reached skill level 7 in Armour
 29330 | Orc:1    | Reached skill level 16 in Fighting
 29493 | Orc:2    | Found Vytarr's Assorted Antiques.
 29496 | Orc:2    | Banished Azrael
 29499 | Orc:2    | Reached skill level 8 in Armour
 29577 | Orc:2    | Found Rerrupri's Armour Shoppe.
 29579 | Orc:2    | Found Xuas's Armour Shop.
 29579 | Orc:2    | Found Qoryeny's Armour Emporium.
 29604 | Orc:2    | Found a staircase to the Elven Halls.
 30186 | Snake:1  | Entered Level 1 of the Snake Pit
 30491 | Orc:1    | Reached skill level 17 in Fighting
 30494 | Orc:1    | Noticed Josephine
 30503 | Orc:1    | Banished Josephine
 30914 | Snake:1  | Noticed Aizul
 30921 | Snake:1  | Killed Aizul
 31245 | Snake:1  | Reached skill level 9 in Armour
 31568 | Snake:2  | Reached skill level 18 in Fighting
 31605 | Snake:2  | Found Waeraot's Book Emporium.
 31669 | Snake:2  | Reached skill level 10 in Armour
 31709 | Snake:2  | Bought a book of Spatial Translocations for 416 gold pieces
 31709 | Snake:2  | You pick up a book of Spatial Translocations and begin
                  | reading...
 31709 | Snake:2  | You add the spells Blink, Lesser Beckoning and Manifold
                  | Assault to your library.
 31715 | Snake:2  | Learned a level 5 spell: Manifold Assault
 31812 | Snake:2  | Reached XP level 17. HP: 146/160 MP: 26/26
 31816 | Snake:2  | Reached skill level 1 in Translocations
 32116 | Snake:2  | Reached skill level 2 in Translocations
 32578 | Snake:3  | Reached skill level 3 in Translocations
 32588 | Snake:3  | Noticed Vashnia
 32592 | Snake:3  | HP: 39/161 [poisoned by a sea snake]
 32596 | Snake:3  | HP: 19/161 [constriction[a naga ritualist] (2)]
 32596 | Snake:3  | HP: 9/161 [constriction[a naga ritualist] (1)]
 32597 | Snake:3  | Reached skill level 4 in Translocations
 32601 | Snake:2  | HP: 9/161 [poisoned by a sea snake]
 32871 | Snake:3  | Banished Vashnia
 32872 | Snake:3  | Reached skill level 5 in Translocations
 33157 | Snake:3  | Reached skill level 19 in Fighting
 33157 | Snake:3  | Reached skill level 6 in Translocations
 33439 | Snake:3  | Reached skill level 7 in Translocations
 33645 | Snake:4  | Entered Level 4 of the Snake Pit
 33831 | Snake:4  | Reached skill level 8 in Translocations
 34680 | Snake:4  | Reached skill level 9 in Translocations
 34921 | Snake:4  | Reached skill level 10 in Translocations
 34934 | Snake:4  | Reached XP level 18. HP: 101/173 MP: 27/27
 35050 | Snake:4  | Got a serpentine rune of Zot
 35276 | Swamp:1  | Entered Level 1 of the Swamp
 35528 | Swamp:1  | HP: 39/173 [goliath frog (8)]
 35528 | Swamp:1  | HP: 17/173 [acid (8)]
 35538 | Abyss:1  | Found a corrupted altar of Lugonu.
 35633 | Abyss:1  | Reached skill level 11 in Translocations
 35641 | Abyss:1  | Found a corrupted altar of Lugonu.
 35658 | Swamp:1  | You pass through the gate.
 35658 | Swamp:1  | Escaped the Abyss
 35664 | Swamp:1  | HP: 41/173 [goliath frog (3)]
 35674 | Swamp:1  | Found a transporter.
 35684 | Swamp:1  | HP: 36/173 [goliath frog (3)]
 35689 | Swamp:1  | HP: 37/173 [goliath frog (15)]
 35693 | Swamp:1  | HP: 17/173 [goliath frog (4)]
 35898 | Swamp:1  | Found a transporter.
 35920 | Swamp:1  | Noticed jfcaron's ghost (adept GnCK)
 36343 | Swamp:2  | Reached skill level 20 in Fighting
 36829 | Swamp:2  | Reached skill level 12 in Translocations
 36892 | Swamp:2  | Found a glowing golden altar of the Shining One.
 37018 | Swamp:3  | You pick up a book of Transfigurations {@e2} and begin
                  | reading...
 37018 | Swamp:3  | You add the spells Blade Hands and Dragon Form to your
                  | library.
 37164 | Swamp:3  | You pick up a book of the Hunter and begin reading...
 37901 | Swamp:4  | Entered Level 4 of the Swamp
 38036 | Swamp:4  | Reached skill level 13 in Translocations
 38183 | Swamp:4  | Noticed Louise
 38348 | Swamp:4  | Killed Louise
 39514 | Swamp:4  | HP: 43/175 [swamp dragon] (1)]
 39518 | Swamp:4  | HP: 21/175 [poisoned by a swamp dragon (poison gas)]
 39519 | Swamp:4  | HP: 8/175 [poisoned by a swamp dragon (poison gas)]
 39519 | Swamp:4  | Killed from afar by a steam dragon

Vanquished Creatures
  2 thorn hunters (Swamp:3)
  8 nagarajas
  An orc warlord (Orc:1)
  Louise (Swamp:4)
  Aizul (Snake:1)
  3 eleionomae
  A dire elephant (Lair:5)
  A red draconian (Abyss:1)
  6 bunyips
  A minotaur (Gauntlet)
  A white draconian (IceCv)
  3 spark wasps (Swamp:1)
  An ettin (D:15)
  A boulder beetle (D:14)
  10 hydras
  A salamander tyrant (Snake:4)
  A fire dragon (Swamp:4)
  Erolcha (D:13)
  3 catoblepae
  A ghost crab (Swamp:1)
  5 ogre magi
  A centaur warrior (D:14)
  12 naga warriors
  2 dancing weapons (D:14)
  5 alligators
  2 tengu warriors (D:15)
  10 anacondas
  16 two-headed ogres
  11 death yaks
  6 naga sharpshooters
  A deep troll shaman (Lair:5)
  3 shock serpents (Snake:4)
  2 orc high priests (Orc:2)
  Sonja (Orc:1)
  A hell knight (Volcano)
  Nergalle (Lair:2)
  Lodul (D:14)
  3 skeletal warriors (D:15)
  3 salamander mystics (Snake:4)
  12 sea snakes
  A deep troll (D:15)
  5 goliath frogs
  4 spriggan druids
  10 naga ritualists
  9 swamp dragons
  An orb spider (shapeshifter) (D:15)
  3 orc knights
  2 wizards
  3 bog bodies
  A lindwurm (Swamp:4)
  A deep elf pyromancer (D:9)
  13 mana vipers
  6 ugly things (D:15)
  2 orc sorcerers
  2 will-o-the-wisps
  3 manticores
  7 salamanders
  3 cyclopes
  15 elephants
  35 black mambas
  An orange demon (Abyss:1)
  A torpor snail (Lair:5)
  6 guardian serpents
  2 molten gargoyles (Volcano)
  A gargoyle (D:7)
  2 ice statues (IceCv)
  8 naga magi
  An unseen horror (D:11)
  A smoke demon (Gauntlet)
  12 komodo dragons
  Psyche (D:8)
  4 rime drakes (IceCv)
  11 cane toads
  An efreet (D:15)
  5 kobold demonologists
  3 tengu conjurers
  A freezing wraith (D:15)
  An ice devil (Gauntlet)
  7 trolls
  2 bloated husks
  3 meliai (Gauntlet)
  7 polar bears
  13 tyrant leeches
  12 hornets
  Prince Ribbit (D:7)
  13 slime creatures
  7 blink frogs
  2 centaur simulacra
  A shadow (D:10)
  64 yaks
  23 spriggans
  6 wraiths
  A vampire (D:11)
  4 wyverns
  2 fire bats (Volcano)
  5 fire elementals (Orc:1)
  Grum (D:10)
  5 basilisks
  2 steam dragons (Swamp:4)
  6 wargs
  14 swamp worms
  13 vampire mosquitoes
  35 nagas
  3 acid dragons
  10 water moccasins
  3 hell hounds (Orc:1)
  3 black bears
  6 swamp drakes
  An ice beast (D:6)
  31 orc warriors
  40 ogres
  13 centaurs
  10 wolves
  11 kobold brigands
  5 gnoll sergeants
  13 bullfrogs
  2 necrophages
  A scorpion (D:5)
  24 wights
  A lindwurm simulacrum (IceCv)
  27 killer bees
  2 electric eels
  9 howler monkeys
  6 komodo dragon simulacra (IceCv)
  4 crimson imps (Gauntlet)
  3 lava snakes (Volcano)
  4 jellies
  19 orc priests
  4 gnoll boudas
  4 iguanas
  22 orc wizards
  A boggart simulacrum (D:11)
  9 acid dragon simulacra
  38 gnolls
  5 river rats
  12 adders
  A shadow imp (D:6)
  4 white imps (Gauntlet)
  2 ufetubi (D:6)
  5 steam dragon simulacra (IceCv)
  4 worms
  2 dart slugs
  60 orcs
  5 endoplasms
  6 giant cockroaches
  6 goblins
  7 hobgoblins
  3 jackals (D:5)
  23 kobolds
  6 quokkas
  12 ball pythons
  A ball python zombie (D:3)
  6 bats
  3 frilled lizards
  A giant cockroach zombie (D:3)
  22 rats
  A butterfly (Lair:4)
1109 creatures vanquished.

Vanquished Creatures (others)
  2 bloated husks
  A yak (D:7)
  An orc warrior (Orc:2)
  A swamp drake (Swamp:4)
  A bush (Lair:2)
  45 demonic plants (Gauntlet)
  2 foxfires (Swamp:4)
  10 fungi
  81 plants
144 creatures vanquished.

Grand Total: 1253 creatures vanquished

Table legend:
 A = Non-vault XP
 B = Vault XP
 C = Vault XP percentage of total XP
 D = Non-vault monster count
 E = Vault monster count
 F = Vault count percentage of total count
                 A         B        C        D         E       F
            +---------+---------+-------+---------+---------+-------
      Total |  217822 |  116599 |  34.9 |     804 |     356 |  30.7
            +---------+---------+-------+---------+---------+-------
        D:1 |      28 |       3 |   9.7 |      15 |       2 |  11.8
        D:2 |      47 |      15 |  24.2 |      15 |       2 |  11.8
        D:3 |     108 |       2 |   1.8 |      15 |       2 |  11.8
        D:4 |     238 |      39 |  14.1 |      27 |       1 |   3.6
        D:5 |     814 |     449 |  35.6 |      28 |       5 |  15.2
        D:6 |     874 |      25 |   2.8 |      26 |       4 |  13.3
        D:7 |    2749 |     283 |   9.3 |      35 |       1 |   2.8
        D:8 |    1759 |     383 |  17.9 |      24 |       1 |   4.0
        D:9 |    1485 |    1190 |  44.5 |      22 |       9 |  29.0
       D:10 |    4074 |     553 |  12.0 |      32 |       4 |  11.1
       D:11 |    2442 |    1908 |  43.9 |      19 |      24 |  55.8
       D:12 |    5872 |       0 |   0.0 |      35 |       0 |   0.0
       D:13 |    4193 |     857 |  17.0 |      12 |       1 |   7.7
       D:14 |    5634 |    3489 |  38.2 |      14 |      12 |  46.2
       D:15 |   12155 |    4220 |  25.8 |      27 |       6 |  18.2
     Lair:1 |    5070 |    5703 |  52.9 |      24 |      23 |  48.9
     Lair:2 |    2676 |    2525 |  48.5 |      14 |       6 |  30.0
     Lair:3 |    9958 |    1587 |  13.7 |      28 |       8 |  22.2
     Lair:4 |   10288 |       0 |   0.0 |      27 |       0 |   0.0
     Lair:5 |   11745 |   10432 |  47.0 |      31 |      21 |  40.4
    Swamp:1 |    8039 |    7395 |  47.9 |      15 |      18 |  54.5
    Swamp:2 |   11402 |       0 |   0.0 |      25 |       0 |   0.0
    Swamp:3 |   18223 |    7035 |  27.9 |      32 |       9 |  22.0
    Swamp:4 |    7928 |    5684 |  41.8 |      17 |      11 |  39.3
    Snake:1 |    9714 |    1172 |  10.8 |      20 |       1 |   4.8
    Snake:2 |   20969 |    1431 |   6.4 |      39 |       2 |   4.9
    Snake:3 |   26887 |    5080 |  15.9 |      47 |       4 |   7.8
    Snake:4 |   14257 |   21929 |  60.6 |      27 |      33 |  55.0
      Orc:1 |    8323 |   15921 |  65.7 |      69 |      45 |  39.5
      Orc:2 |    3654 |    3937 |  51.9 |      33 |       8 |  19.5
    Abyss:1 |    6217 |      13 |   0.2 |      10 |       1 |   9.1
      Sewer |       0 |     316 | 100.0 |       0 |      37 | 100.0
      IceCv |       0 |    3868 | 100.0 |       0 |      28 | 100.0
    Volcano |       0 |    6294 | 100.0 |       0 |      13 | 100.0
   Gauntlet |       0 |    2861 | 100.0 |       0 |      14 | 100.0
            +---------+---------+-------+---------+---------+-------

Illustrated notes

Table legend:
 A = Kills in this place as a percentage of kills in entire the game.
 B = Kills by you in this place as a percentage of kills by you in the entire game.
 C = Kills by friends in this place as a percentage of kills by friends in the entire game.
 D = Other kills in this place as a percentage of other kills in the entire game.
 E = Experience gained in this place as a percentage of experience gained in the entire game.
 F = Experience gained in this place divided by the number of levels of this place that you have seen.
                   A       B       C       D       E      F
               +-------+-------+-------+-------+-------+----------------------
         Total | 100.0 | 100.0 |   N/A | 100.0 | 100.0 | 9289.5
       Dungeon |  36.2 |  37.5 |   N/A |   9.6 |  16.7 | 3725.9
          Lair |  15.7 |  15.3 |   N/A |  23.1 |  17.9 | 11996.8
         Swamp |  10.9 |  10.6 |   N/A |  19.2 |  19.6 | 16426.5
     Snake Pit |  14.9 |  14.5 |   N/A |  23.1 |  30.3 | 25359.8
  Orcish Mines |  13.4 |  13.1 |   N/A |  19.2 |   9.5 | 15917.5
         Abyss |   0.9 |   0.8 |   N/A |   3.8 |   1.9 | 3115.0
         Sewer |   3.2 |   3.3 |   N/A |   0.0 |   0.1 | 316.0
      Ice Cave |   2.4 |   2.4 |   N/A |   1.9 |   1.2 | 3868.0
       Volcano |   1.1 |   1.2 |   N/A |   0.0 |   1.9 | 6294.0
      Gauntlet |   1.2 |   1.3 |   N/A |   0.0 |   0.9 | 2861.0
               +-------+-------+-------+-------+-------+----------------------

Table legend: (Time is in decaauts)
 A = Elapsed time spent in this place.
 B = Non-inter-level travel time spent in this place.
 C = Inter-level travel time spent in this place.
 D = Time resting spent in this place.
 E = Time spent auto-exploring this place.
 F = Levels seen in this place.
 G = Mean time per level.
                   A        B        C        D        E       F      G
               +--------+--------+--------+--------+--------+-----+--------+
         Total |  39377 |  36572 |   2805 |   9562 |  21128 |  36 | 1093.8 |
       Dungeon |  18716 |  17361 |   1355 |   4426 |  10614 |  15 | 1247.7 |
          Lair |   8066 |   7191 |    875 |   1385 |   5127 |   5 | 1613.2 |
         Swamp |   4037 |   3918 |    119 |   1623 |   1678 |   4 | 1009.2 |
     Snake Pit |   4225 |   3981 |    244 |    767 |   2330 |   4 | 1056.2 |
  Orcish Mines |   1729 |   1519 |    210 |    460 |    780 |   2 |  864.5 |
         Abyss |    295 |    295 |      0 |     52 |    157 |   2 |  147.5 |
         Sewer |    546 |    546 |      0 |    258 |    154 |   1 |  546.0 |
      Ice Cave |    834 |    834 |      0 |    349 |    183 |   1 |  834.0 |
       Volcano |    467 |    467 |      0 |    230 |     27 |   1 |  467.0 |
      Gauntlet |    460 |    460 |      0 |     12 |     77 |   1 |  460.0 |
               +--------+--------+--------+--------+--------+-----+--------+

Top non-repeatable levels by time:
     D:5: 2644 daAuts
  Lair:3: 2323 daAuts
  Lair:1: 1919 daAuts
  Lair:5: 1846 daAuts
     D:8: 1737 daAuts
    D:10: 1710 daAuts
 Swamp:3: 1670 daAuts
     D:4: 1591 daAuts
     D:7: 1582 daAuts
 Snake:4: 1520 daAuts
     D:6: 1350 daAuts
    D:11: 1279 daAuts
  Lair:2: 1269 daAuts
     D:9: 1095 daAuts
   Orc:1: 1087 daAuts
